AoeStats
← Augustus Bombastus von Hohenheim

Nomad

510056567Analyzed
3v3 RM · 3d ago on Sep 29, 2026· 24m 45s· 6 players
Game mode
Random Map
Map size
210×210
Population
200
Speed
Normal
Resources
Standard
Victory
Conquest
Starting age
Dark Age
Ending age
Imperial Age
RankedLock teamsTeams togetherTeam positionsShared explorationLock speedFull tech treeHidden civsTurbo modeCheats
Victory
Defeat
1702
+15
🇧🇩 Goths · Bangladesh
1686
+16
🇨🇦 Bohemians · Canada
1664
+17
🇹🇷 Portuguese · Türkiye
1837
-22
🇩🇪 Bulgarians · Germany
1643
-14
🇭🇰 Magyars · Hong Kong SAR China
1579
-12
Augustus Bombastus von Hohenheim
10:09 Loom
12:26 Feudal Age
16:31 Castle Age
14:50 Fishing Lines
17:00 Double-Bit Axe
18:02 Medium Warships
21:39 Forging
21:43 Bow Saw
22:25 Fletching
ThreeEyedRaven
5:17 Loom
11:58 Feudal Age
14:24 Fletching
24:59 Castle Age
23:33 Double-Bit Axe
TomRiddle
7:45 Loom
14:47 Feudal Age
15:47 Town Watch
19:23 Castle Age
21:11 Double-Bit Axe
23:07 Redemption
22:54 Fletching
mochichi4
4:55 Loom
12:57 Feudal Age
15:08 Double-Bit Axe
17:44 Castle Age
16:15 Fishing Lines
16:56 Scale Barding Armor
17:56 Bloodlines
20:08 Wheelbarrow
20:42 Horse Collar
23:07 Light Cavalry
23:49 Husbandry
24:04 Bow Saw
23:55 Heavy Plow
Honda
9:10 Loom
12:12 Feudal Age
12:52 Double-Bit Axe
14:44 Fletching
19:05 Castle Age
17:14 Scale Barding Armor
17:20 Forging
20:12 Chain Barding Armor
20:04 Medium Warships
25:57 Iron Casting
Pummeluff
3:47 Loom
14:29 Feudal Age
15:33 Town Watch
15:49 Double-Bit Axe
17:13 Fishing Lines
19:09 Padded Archer Armor
22:40 Wheelbarrow
27:06 Castle Age
Connection lost

Rejoining the realm…

Still unreachable

The connection could not be restored.

Session expired

The server has moved on; the page needs a fresh start.